 Dungeon Crawl Stone Soup version 0.28.0-43-g3370ac3207 (webtiles) character file.

Game seed: 16436994187161489406

1781 experimilk the Cudgeller (level 8, -2/65 HPs)
             Began as a Palentonga Abyssal Knight on Mar 19, 2022.
             Was a Believer of Lugonu.
             Slain by a wyvern zombie (9 damage)
             ... on level 6 of the Dungeon.
             The game lasted 00:20:14 (8657 turns).

experimilk the Cudgeller (PaAK)                     Turns: 8657, Time: 00:20:15

Health: -2/65      AC: 12    Str: 18    XL:     8   Next: 81%
Magic:  3/11       EV:  9    Int: 17    God:    Lugonu [**....]
Gold:   50         SH:  3    Dex: 11    Spells: 0/7 levels left

rFire   . . .      SeeInvis +   u - +9 whip of Goil {venom, rCorr}
rCold   . . .      Faith    .   A - +0 buckler
rNeg    . . .      Spirit   .   b - +0 leather armour
rPois   .          Reflect  .   m - +0 helmet
rElec   .          Harm     .   (no cloak)
rCorr   +          Rampage  .   (no gloves)
Will    .....                   (no barding)
Stlth   +.........              (no amulet)
HPRegen 0.20/turn               s - +6 ring of intelligence
MPRegen 0.12/turn               (no ring)

@: curled up
A: large, rugged brown scales 3, see invisible, deformed body, roll 1, armoured
tail, reflexive curl
a: Rolling Charge, Renounce Religion, Depart the Abyss, Bend Space


You were on level 6 of the Dungeon.
You worshipped Lugonu.
Lugonu was pleased with you.
You visited 1 branch of the dungeon, and saw 6 of its levels.
You visited the Abyss 1 time.

You collected 289 gold pieces.
You spent 239 gold pieces at shops.

Inventory:

Hand Weapons
 a - a +1 mace
 u - the +9 whip of Goil (weapon) {venom, rCorr}
   (You bought it in a shop on level 4 of the Dungeon)

   It poisons the flesh of those it strikes.
   rCorr:     It protects you from acid and corrosion.
 B - a +3 whip of flaming
Armour
 b - a +0 leather armour (worn)
 c - a +0 plate armour
 d - a +0 ring mail
 m - a +0 helmet (worn)
 A - a +0 buckler (worn)
Jewellery
 s - a +6 ring of intelligence (left hand)
Wands
 e - a wand of mindburst (16)
 n - a wand of flame (17)
 x - a wand of digging (9)
Scrolls
 g - a scroll of vulnerability {unknown}
 i - a scroll of magic mapping {unknown}
 k - 2 scrolls of immolation {unknown}
 o - a scroll of silence {unknown}
 p - a scroll of summoning
 r - a scroll of noise {unknown}
 v - a scroll of enchant weapon
 y - a scroll of acquirement {unknown}
 C - a scroll of identify {unknown}
 D - a scroll of fear {unknown}
Potions
 f - 2 potions of curing
 h - 2 potions of brilliance {unknown}
 j - 3 potions of might {unknown}
 l - a potion of lignification {unknown}
 q - a potion of cancellation {unknown}
 t - 2 potions of mutation {unknown}
 w - a potion of magic {unknown}
 z - a potion of attraction {unknown}


   Skills:
 + Level 4.7 Fighting
 * Level 7.3 Maces & Flails
 - Level 1.5 Armour
 + Level 3.0 Dodging
 - Level 5.0 Summonings
 + Level 4.4 Invocations


You couldn't memorise any spells.
You knew the following spells:

 Your Spells              Type           Power      Damage    Failure   Level
a - Summon Small Mammal   Summ           68%        N/A       4%          1
b - Call Canine Familiar  Summ           17%        N/A       14%         3
c - Summon Guardian Gole  Hex/Summ       8%         N/A       36%         3

Your spell library contained the following spells:

 Spells                   Type           Power      Damage    Failure   Level
 Sublimation of Blood     Necr           0%         N/A       47%         2
 Animate Armour           Summ/Erth      16%        N/A       77%         4
 Petrify                  Tmut/Erth      0%         N/A       98%         4
 Blade Hands              Tmut           0%         N/A       100%        5
 Irradiate                Conj/Tmut      0%         3d13      100%        5
 Lee's Rapid Deconstruct  Erth           0%         3d5*      100%        5
 Iron Shot                Conj/Erth      0%         9d1       100%        6
 Statue Form              Tmut/Erth      0%         N/A       100%        6
 Necromutation            Tmut/Necr      0%         N/A       100%        8


Dungeon Overview and Level Annotations

Branches:
Dungeon (6/15)
 Temple: D:4-7

Altars:

Shops:
D:3 [   D:4 :!!(


Innate Abilities, Weirdness & Mutations

You are completely covered in rugged brown scales. (AC +3, +7% HP)
You have supernaturally acute eyesight. (SInv)
Armour fits poorly on your strangely shaped body.
You can roll at nearby foes to attack.
You have a long armoured tail.
You curl defensively after being hit. (AC +7*)


Message History

Your hound bites the centaur skeleton.
The centaur skeleton is destroyed!
Lugonu accepts your kill.
The howler monkey skeleton closely misses you.
The white imp hits you but does no damage.
Your Dodging skill increases to level 3!
You feel better.
Your hound bites the white imp but does no damage.
You block the kobold brigand's attack.
The howler monkey skeleton closely misses you.
Your hound closely misses the white imp.
The white imp barely misses you.
You barely miss the kobold brigand.
The kobold brigand is almost dead.
The kobold brigand hits you with a +0 whip.
* * * LOW HITPOINT WARNING * * *
Your hound bites the white imp.
You block the howler monkey skeleton's attack.
Your rat closely misses the white imp.
You whack the kobold brigand!
You kill the kobold brigand!
Lugonu accepts your kill. The white imp completely misses you.
Your hound closely misses the white imp.
The howler monkey skeleton hits you.
* * * LOW HITPOINT WARNING * * *
You feel better.
Your hound bites the white imp.
Your rat bites the white imp.
The white imp dies!
Lugonu accepts your kill. The wyvern zombie closely misses you.
The howler monkey skeleton hits you.
Casting: Summon Small Mammal (safe; 4% risk of failure)
Confirm with . or Enter, or press ? or * to list all spells.
The wyvern zombie bites you!
* * * LOW HITPOINT WARNING * * *
Your rat bites the howler monkey skeleton.
Your hound bites the howler monkey skeleton.
The howler monkey skeleton hits you.
* * * LOW HITPOINT WARNING * * *
The wyvern zombie bites you!
You die...

#######.......
#............. #####
#.....<.....# #≈≈≈≈#
#.....>....###≈≈≈≈≈≈
#.............≈≈....
#............≈≈.....
#..)........≈....≈≈.
#....).....hr..≈≈..≈
#........#.Z@≈≈....≈
#...)......Z....⌠≈≈.
##...........b..≈≈⌠..
..........#.....≈....≈
..##.....<.......≈..≈≈.
. ................≈≈...
###..................≈
...................≈≈
.....######.###≈≈≈≈≈


You could see a wyvern zombie (ally target), a howler monkey skeleton (ally
target), a friendly hound (summoned), a friendly bat (summoned) and a friendly
rat (summoned).

Vanquished Creatures
  Pikel (D:5)
  Grinder (D:5)
  2 orc warriors
  A black bear (D:4)
  An ogre (D:4)
  A phantom (D:4)
  A kobold brigand (D:6)
  A water moccasin skeleton (D:5)
  An electric eel (D:6)
  A centaur zombie (D:5)
  A hound (D:5)
  A gnoll shaman (D:4)
  A jelly (D:4)
  A bullfrog skeleton (D:5)
  A killer bee zombie (D:4)
  A hound skeleton (D:4)
  A howler monkey zombie (D:4)
  A howler monkey skeleton (D:4)
  5 gnolls
  5 adders
  2 adder skeletons (D:4)
  2 worms
  3 dart slugs
  11 orcs
  2 endoplasms
  2 giant cockroaches
  3 hobgoblins
  4 jackals (D:4)
  A quokka (D:2)
  2 ball pythons (D:3)
  4 bats
  2 frilled lizards (D:1)
  8 kobolds
  7 rats
82 creatures vanquished.

Vanquished Creatures (collateral kills)
  An ice beast (D:5)
  An ogre (D:5)
  A centaur skeleton (D:6)
  A gnoll (D:5)
  A white imp (D:6)
  An orc (D:4)
6 creatures vanquished.

Vanquished Creatures (others)
  9 plants (D:5)
9 creatures vanquished.

Grand Total: 97 creatures vanquished

Notes
Turn   | Place    | Note
-------+----------+-------------------------------------------
     0 | Abyss:1  | experimilk the Palentonga Abyssal Knight began the quest
                  | for the Orb.
     0 | Abyss:1  | Reached XP level 1. HP: 19/19 MP: 2/2
    23 | D:1      | Escaped the Abyss
   318 | D:1      | Reached XP level 2. HP: 25/25 MP: 3/3
   847 | D:2      | Learned a level 1 spell: Summon Small Mammal
  1090 | D:2      | Reached skill level 3 in Maces & Flails
  1757 | D:3      | Reached XP level 3. HP: 21/31 MP: 4/4
  2021 | D:3      | Found a faded altar of an unknown god.
  2025 | D:3      | Found Vegampaj's Armour Shop.
  3163 | D:3      | Reached skill level 1 in Summonings
  3730 | D:3      | You fall into a shaft and drop 2 floors!
  3730 | D:5      | Entered Level 5 of the Dungeon
  3784 | D:4      | Reached XP level 4. HP: 37/37 MP: 5/5
  3817 | D:4      | Reached skill level 4 in Maces & Flails
  3829 | D:4      | Noticed a black bear
  3879 | D:4      | Killed a black bear
  3880 | D:4      | Reached XP level 5. HP: 29/43 MP: 6/6
  4024 | D:4      | Found Kivif's Distillery.
  4922 | D:4      | Reached skill level 5 in Maces & Flails
  4922 | D:4      | Found Nociloum's Book Emporium.
  4972 | D:4      | Noticed an ogre
  4980 | D:4      | Killed an ogre
  4981 | D:4      | Reached XP level 6. HP: 50/50 MP: 7/7
  5086 | D:4      | Learned a level 3 spell: Call Canine Familiar
  5634 | D:4      | Found Vozudeu's Antique Weapon Boutique.
  5640 | D:4      | Bought a shimmering whip for 150 gold pieces
  5640 | D:4      | Identified the +9 whip of Goil {venom, rCorr} (You bought
                  | it in a shop on level 4 of the Dungeon)
  6007 | D:4      | Noticed an orc warrior
  6012 | D:4      | Killed an orc warrior
  6013 | D:4      | Gained mutation: You curl defensively after being hit. (AC
                  | +7*) [Palentonga growth]
  6013 | D:4      | Reached XP level 7. HP: 20/55 MP: 8/8
  6341 | D:4      | Reached skill level 5 in Summonings
  6578 | D:4      | Bought a potion of curing for 39 gold pieces
  6578 | D:4      | Bought a potion of curing for 39 gold pieces
  6580 | D:4      | Found Kiushayr's Distillery.
  6585 | D:4      | Bought a potion of degeneration for 11 gold pieces
  6677 | D:5      | Reached skill level 1 in Dodging
  6846 | D:5      | Reached ** piety under Lugonu
  7706 | D:5      | Noticed Pikel
  7714 | D:5      | Killed Pikel
  7715 | D:5      | Reached skill level 6 in Maces & Flails
  7715 | D:5      | Reached XP level 8. HP: 36/64 MP: 5/10
  8074 | D:5      | Learned a level 3 spell: Summon Guardian Golem
  8105 | D:5      | Got the Collected Works on Dusty Black Rituals
  8259 | D:5      | Noticed Grinder
  8265 | D:5      | Killed Grinder
  8266 | D:5      | Reached skill level 7 in Maces & Flails
  8657 | D:6      | Slain by a wyvern zombie

Illustrated notes

Levels and vault maps discovered:
D:1:      dpeg_arrival_windows_large_door, layout_basic, minivault_4
D:2:      layout_basic
D:3:      layout_loops_corners, ebering_ecumenical_altar_rust, serial_shops,
          shop_statue, amcnicky_mini_rare_corridor_liquid, grunt_ministairs_6,
          nrook_loot_triangle
D:4:      layout_loops_corners, serial_shops, shop, nicolae_shop_stone,
          nicolae_shop_hallway_stairs, kennysheep_mini, minmay_small_thing
D:5:      layout_loops_corners, serial_bayou_pond_a, kennysheep_pointless_box,
          uniq_pikel, uniq_grinder
D:6:      cheibrodos_helix_gallery, layout_rooms, zin_purify,
          lemuel_temple_firewalk_b, uniq_edmund

Skill      XL: |  1  2  3  4  5  6  7  8 |
---------------+-------------------------+-----
Maces & Flails | 3 4 5 6 7 |  7.3
Summonings     | 1 3 4 5 |  5.0
Dodging        | 2 3 |  3.0
Fighting       | 4 |  4.7
Invocations    | 3 4 |  4.4
Armour         | |  1.5

Action                   |  1- 3 |  4- 6 |  7- 9 || total
-------------------------+-------+-------+-------++-------
Melee: Mace              |    90 |    56 |       ||   146
       Tailslap          |    10 |     9 |     8 ||    27
       Punch             |       |     2 |       ||     2
       Whip              |       |    24 |    59 ||    83
 Cast: Summon Small Mamm |       |     1 |    11 ||    12
       Call Canine Famil |       |     1 |     6 ||     7
Invok: Bend Space        |       |       |     1 ||     1
 Abil: Rolling Charge    |    13 |    11 |    15 ||    39
Evoke: Wand              |       |     1 |       ||     1
  Use: Potion            |       |     1 |     2 ||     3
       Scroll            |       |     1 |     1 ||     2
Armor: Leather armour    |    25 |    29 |    21 ||    75
Dodge: Dodged            |    36 |    40 |    26 ||   102
Block: Buckler           |       |       |     4 ||     4
